Unix NetHack Version 5.0.0-0 post-release - last build May 17 2026 04:57:42 (dc50c8380fa5e20985bfe3072449f57b8d9895ef,branch:main).

Game began 2026-05-19 19:58:36, ended 2026-05-19 20:43:00.

Corncycle, chaotic male human Rogue

                                       ############            ----------
 -----           ---------------------------------####         -.<......|
 |....###        |...|..|..|).|..|....|..|..|..|..####         |........|
 |...| #         |...+.....|`.|..-....-.. ..|..-.|#  ##########-........|
 |.>.| #         |.......|.-..----....-----|----.|             |........|
 -.-+- ##        |.......F..).`..................|             ----|-----
        ##       |..`---|-..h--.......-|------|-.|
         #####  #|...|...|..@.|{).....|..|..|..|.|
             ####....|%%%|. ..|.......|..|..|..|.|
                #|...|%!%|._).|.......----|-----.|
                 |...|.%.|@...|....{.............|
                 |...|----------.--------|------.|
                 |...|...(|....-`|.(((|.%.|    |.|
                 |...-..(.|....|`-))(]|...|    |.|
                 |...|(..(|... |.|.(..|...|     .|
                 |...-----------.---------------.|
                 |..............(................|
                 ---------------------------------

Corncycle the Rogue     St:13 Dx:18 Co:15 In:10 Wi:9 Ch:12  Chaotic
Dlvl:6  $:0  HP:0(45) Pw:25(25) AC:2  Xp:6 T:3373 

Latest messages:
 The priestess of Issek intones:
 "Pilgrim, you enter a sacred place!"
 You have a forbidding feeling...
 What do you want to drop? [aeg-kqtv-zF-JO-RW-Y or ?*]
 There is a black flash as a dagger hits the altar.
 Your movements are now unencumbered.
 What do you want to drop? [aeg-kqtw-zF-JO-RW-Y or ?*]
 A dagger lands on the altar.
 What do you want to drop? [aeg-kqtw-zFH-JO-RW-Y or ?*]
 There is a black flash as a dagger hits the altar.
 G - an uncursed dagger.
 X - a cursed dagger.
 You have a little trouble lifting a cursed dagger.  Continue? [ynq] (q)
 You have a little trouble lifting v - a cursed dagger.
 Your movements are slowed slightly because of your load.
 The dwarf lady throws 2 darts!
 The dart slips as the dwarf lady throws it!
 The 1st dart misses.
 The 2nd dart misses you.
 What do you want to drop? [aeg-kqtv-zF-JO-RW-Y or ?*]
 You drop a cursed dagger.
 Your movements are now unencumbered.
 What do you want to drop? [aeg-kqtw-zF-JO-RW-Y or ?*]
 You drop a cursed dagger.
 Stef75's ghost touches you!
 Stef75's ghost touches you!
 In what direction?
 You throw 2 daggers.
 The 1st dagger hits the dwarf lady.
 The 2nd dagger hits the dwarf lady!
 In what direction?
 The dagger misses the dwarf lady.
 In what direction?
 You throw 2 daggers.
 The 1st dagger misses the dwarf lady.
 The 2nd dagger hits the dwarf lady.
 Stef75's ghost touches you!
 In what direction?
 The dagger misses the dwarf lady.
 You hit the dwarf lady.
 The dwarf lady swings her broad pick.
 The dwarf lady hits!
 The dwarf lady swings her broad pick.
 The dwarf lady hits again!
 You die...
 Do you want your possessions identified? [ynq] (y)
 Do you want to see your attributes? [ynq] (y)
 Do you want an account of creatures vanquished? [ynaq] (y)
 Do you want to see your conduct and achievements? [ynq] (y)
 Do you want to see the dungeon overview? [ynq] (y)

Inventory:
 Weapons  (')')
  G - a +3 dagger
  w - 3 +0 elven daggers
  a - a +0 short sword (weapon in right hand)
 Armor    ('[')
  h - an uncursed +0 orcish helm (being worn)
  y - an uncursed +0 pair of iron shoes (being worn)
  z - an uncursed +0 dwarvish cloak (being worn)
  x - an uncursed +0 elven mithril-coat (being worn)
 Comestibles  ('%')
  Q - a cursed carrot
  R - an uncursed food ration
  O - 3 cursed food rations
  P - a cursed tripe ration
 Wands    ('/')
  g - a wand of digging (0:8)
 Tools    ('(')
  Y - an uncursed bag of holding containing 19 items
  F - an empty uncursed sack
  q - an uncursed blindfold
  e - an uncursed lock pick
  i - a blessed oil lamp
  J - an uncursed oil lamp
  j - a cursed skeleton key
  t - 2 uncursed tallow candles
  I - an uncursed tin opener
  H - an uncursed tin whistle
  k - 6 cursed wax candles

Contents of the bag of holding:
  387 gold pieces
  an uncursed amulet of unchanging
  4 cursed +0 daggers
  a cursed +0 shield of reflection
  an uncursed +0 mummy wrapping
  an uncursed scroll of amnesia
  a cursed scroll of amnesia
  a cursed scroll of blank paper
  a blessed scroll of enchant weapon
  2 cursed scrolls of remove curse
  an uncursed scroll of stinking cloud
  an uncursed scroll of teleportation
  an uncursed potion of full healing
  an uncursed potion of gain energy
  a cursed potion of gain energy
  2 uncursed potions of healing
  2 uncursed potions of object detection
  an uncursed potion of sleeping
  an uncursed potion of water

Corncycle the Rogue's attributes:

Background:
 You were a Rogue, level 6 male human.
 You were chaotic, on a mission for Kos
 who was opposed by Issek (lawful) and Mog (neutral).
 You were right-handed.
 You were in the Gnomish Mines, on level 6.
 You entered the dungeon 3373 turns ago.
 There was a new moon in effect when your adventure ended.
 You had 607 experience points, 33 more were needed to attain level 7.

Basics:
 You had 0 out of 45 hit points.
 You had all 25 energy points (spell power).
 Your armor class was 2.
 Your wallet was empty, but
 you had 387 zorkmids stashed away in your pack.
 Autopickup was off.

Final Characteristics:
 Your strength was 13 (limit:18/100).
 Your dexterity was 18 (limit:18).
 Your constitution was 15 (limit:18).
 Your intelligence was 10 (limit:18).
 Your wisdom was 9 (limit:18).
 Your charisma was 12 (limit:18).

Final Status:
 You weren't hungry.
 You were unencumbered.
 You were wielding a short sword.
 You had basic skill with short sword.

Final Attributes:
 You were piously aligned.
 Your items were somewhat protected from fire.
 Your items were somewhat protected from cold.
 You were stealthy.
 You were guarded.
 You are dead.

Miscellaneous:
 You encountered 1 bones level.
 Total elapsed playing time was 44 minutes and 22 seconds.

Major events:
 Turn
    1: Corncycle the chaotic male human Rogue entered the dungeon
  664: attained the rank of Cutpurse (level 3)
  733: entered the Gnomish Mines
 1388: attained the rank of Rogue (level 6)
 1578: reached Mine Town
 3373: killed by a dwarf lady

You didn't know any spells.

Skills:
 Fighting Skills
   bare handed combat [Unskilled]
   two weapon combat  [Unskilled]
   riding             [Unskilled]
 Weapon Skills
   dagger             [Skilled]
   knife              [Unskilled]
   short sword        [Basic]
   broadsword         [Unskilled]
   long sword         [Unskilled]
   two-handed sword   [Unskilled]
   saber              [Unskilled]
   club               [Unskilled]
   mace               [Unskilled]
   morning star       [Unskilled]
   flail              [Unskilled]
   hammer             [Unskilled]
   polearms           [Unskilled]
   spear              [Unskilled]
   crossbow           [Unskilled]
   dart               [Unskilled]
   shuriken           [Unskilled]
 Spellcasting Skills
   divination spells  [Unskilled]
   escape spells      [Unskilled]
   matter spells      [Unskilled]

Voluntary challenges:
 Character rerolling was not enabled.
 You never genocided any monsters.
 You never polymorphed an object.
 You never changed form.
 You used no wishes.
Achievements:
 You entered a shop.
 You attained the rank of Cutpurse.
 You entered the Gnomish Mines.
 You attained the rank of Rogue.
 You entered Minetown.
 You entered a temple.

 The Dungeons of Doom: levels 1 to 4
    Level 1:
       A fountain.
    Level 2:
       A weapon shop, an altar.
    Level 3:
       Stairs down to The Gnomish Mines.
    Level 4:
       A fountain.
 The Gnomish Mines: levels 4 to 6
    Level 4:
    Level 5:
    Level 6: <- You were here.
       Many shops, a temple and an altar, some fountains, a grave.
       Final resting place for
          you, killed by a dwarf lady,
          Stef75-Bar-Hum-Mal-Neu, killed by a djinni.


Vanquished creatures:
  a djinni
  a leprechaun
  a gnome mummy
  a mountain nymph
  a rock piercer
  2 ponies
  5 gnome leaders
  2 kobold mummies
  a gray ooze
  a little dog
  a floating eye
  2 kittens
  4 dwarves
  a homunculus
  a hill orc
  2 giant bats
 an iguana
  2 hobbits
  a large kobold
  4 giant rats
  a cave spider
  3 brown molds
  a green mold
 21 gnomes
  2 geckos
  2 jackals
  a fox
  a kobold
  5 goblins
  8 grid bugs
  2 bats
  2 lichens
  2 newts
86 creatures vanquished.

No species were genocided or became extinct.

Game over:
                       ----------
                      /          \
                     /    REST    \
                    /      IN      \
                   /     PEACE      \
                  /                  \
                  |    Corncycle     |
                  |      387 Au      |
                  |   killed by a    |
                  |    dwarf lady    |
                  |                  |
                  |                  |
                  |       2026       |
                 *|     *  *  *      | *
        _________)/\\_//(\/(/\)/\//\/|_)_______

Goodbye Corncycle the Rogue...

You died in The Gnomish Mines on dungeon level 6 with 3027 points,
and 387 pieces of gold, after 3373 moves.
You were level 6 with a maximum of 45 hit points when you died.

